 Dungeon Crawl Stone Soup version 0.21.1-1-g345015fe64 (webtiles) character file.

30 Naru the Ruffian (level 3, -1/29 HPs)
             Began as a Draconian Transmuter on June 8, 2018.
             Slain by Sigmund
             ... wielding a cursed -2 scythe
              (2 damage)
             ... on level 1 of the Dungeon.
             The game lasted 00:05:17 (1261 turns).

Naru the Ruffian (Draconian Transmuter)             Turns: 1261, Time: 00:05:18

Health: -1/29      AC:  5    Str: 12    XL:     3   Next: 3%
Magic:  6/6        EV:  9    Int: 14    God:
Gold:   76         SH:  0    Dex: 11    Spells: 5/6 levels left

rFire    . . .     SeeInvis .   d - +0 dagger
rCold    . . .     Gourm    .   h - +0 shield
rNeg     . . .     Faith    +   (armour unavailable)
rPois    .         Spirit   .   (helmet restricted)
rElec    .         Reflect  .   (no cloak)
rCorr    .         Harm     .   (no gloves)
MR       .....                  (no boots)
Stlth    +.........             e - amulet of faith
HPRegen  0.09/turn              (no ring)
MPRegen  0.10/turn              (no ring)

@: confused
A: unfitting armour, cold-blooded, AC +5
a: no special abilities


You were on level 1 of the Dungeon.
You were very hungry.

You visited 1 branch of the dungeon, and saw 2 of its levels.

You collected 76 gold pieces.

Inventory:

Hand Weapons
 d - a +0 dagger (weapon)
Missiles
 a - 12 arrows
Armour
 h - a +0 shield (worn)
Jewellery
 e - an amulet of faith (around neck)
Scrolls
 i - 2 scrolls of teleportation {unknown}
Potions
 f - a potion of heal wounds {unknown}
 j - a potion of brilliance {unknown}
Books
 b - a book of Changes

   Spells                             Type                      Level
   a - Beastly Appendage              Transmutation                1
   b - Sticks to Snakes               Transmutation                2
   c - Spider Form                    Transmutation/Poison         3
   d - Ice Form                       Ice/Transmutation            4
   e - Blade Hands                    Transmutation                5
Comestibles
 c - 7 rations


   Skills:
 * Level 1.7 Fighting
 * Level 0.7 Short Blades
 - Level 2.0 Dodging
 * Level 0.4 Stealth
 * Level 0.1 Shields
 - Level 3.0 Unarmed Combat
 + Level 2.2 Spellcasting
 * Level 2.4 Transmutations


You had 5 spell levels left.
You knew the following spells:

 Your Spells              Type           Power        Failure   Level  Hunger
a - Beastly Appendage     Tmut           #.....       50%         1    #......


Dungeon Overview and Level Annotations

Branches:
Dungeon (2/15)

Altars:

Annotations:
D:1 Sigmund


Innate Abilities, Weirdness & Mutations

Your plain brown scales are hard. (AC +5)
You cannot fit into any form of body armour.
You are cold-blooded and may be slowed by cold attacks.


Message History

You hit Sigmund. You tail-slap Sigmund.
Sigmund is heavily wounded.
You hit Sigmund but do no damage.
Your tail-slap misses Sigmund.
Sigmund is heavily wounded.
Sigmund closely misses you.
You hit Sigmund but do no damage.
Sigmund is heavily wounded.
Sigmund barely misses you.
You barely miss Sigmund.
Sigmund is heavily wounded.
Sigmund gestures at you while chanting.
You are confused.
You barely miss Sigmund.
Sigmund is heavily wounded.
Sigmund barely misses you.
You bump into the rock wall.
You closely miss Sigmund.
Sigmund is heavily wounded.
Sigmund hits you with an enchanted scythe.
You die...

##### #...#
#####...###############
................@@....#
......##....#########.#
......##....# ###.....##########
......##....###.....#..........#
......##....'.'.....##.######.##
......##....'##.....##)# #.#
...#'###........######.# #.#
...#'###........# #(# #.#
......###.......## #(######.#


You could see Sigmund.

Vanquished Creatures
  3 dart slugs (D:1)
  A bat (D:1)
  A giant cockroach (D:1)
  4 hobgoblins (D:1)
  4 kobolds (D:1)
  A ball python (D:1)
  3 frilled lizards (D:1)
  2 goblins (D:1)
  6 rats (D:1)
25 creatures vanquished.

Notes
Turn   | Place    | Note
-------+----------+-------------------------------------------
     0 | D:1      | Naru the Draconian Transmuter began the quest for the Orb.
     0 | D:1      | Reached XP level 1. HP: 16/16 MP: 3/3
    88 | D:1      | Reached XP level 2. HP: 9/23 MP: 3/5
   911 | D:1      | Reached XP level 3. HP: 29/29 MP: 6/6
  1224 | D:2      | Noticed Sigmund
  1252 | D:1      | HP: 1/29 [Sigmund/enchanted scythe (10)]
  1261 | D:1      | Slain by Sigmund

Skill      XL: |  1  2 |
---------------+-------+-----
Dodging        | 2 |  2.0
Fighting       | |  1.7
Short Blades   | |  0.7
Stealth        | |  0.4
Shields        | |  0.1
Unarmed Combat | |  3.0
Spellcasting   | |  2.2
Transmutations | |  2.4

Action                   || total
-------------------------++-------
Melee: Unarmed           ||    13
       Dagger            ||   103
       Tailslap          ||    12
       Headbutt          ||     1
       Kick              ||     4
       Punch             ||     1
 Cast: Beastly Appendage ||    11
  Use: Scroll            ||     1
Armor: Skin              ||    27
Dodge: Dodged            ||    58
Block: Shield            ||     7
